 Dungeon Crawl Stone Soup version 0.21.0-3-g78d12a8 (webtiles) character file.

53 Ghouzt the Skirmisher (level 3, -7/33 HPs)
             Began as a Hill Orc Fighter on Jan 9, 2018.
             Was an Initiate of Makhleb.
             Mangled by an orc warrior
             ... wielding a +0 halberd
              (14 damage)
             ... on level 2 of the Dungeon.
             The game lasted 00:03:38 (1552 turns).

Ghouzt the Skirmisher (Hill Orc Fighter)            Turns: 1552, Time: 00:03:39

Health: -7/33      AC:  8    Str: 24    XL:     3   Next: 89%
Magic:  3/3        EV:  7    Int:  8    God:    Makhleb [......]
Gold:   97         SH:  9    Dex: 10    Spells: 2/2 levels left

rFire    + . .     SeeInvis .   a - +0 war axe
rCold    x . .     Gourm    .   c - +0 shield
rNeg     . . .     Faith    .   b - +0 scale mail
rPois    +         Spirit   .   (no helmet)
rElec    .         Reflect  .   (no cloak)
rCorr    .         Harm     .   (no gloves)
MR       .....                  l - +0 pair of boots (curse)
Stlth    ..........             m - amulet of magic regeneration
HPRegen  0.11/turn              j - ring of poison resistance
MPRegen  0.33/turn              o - ring of fire

@: mighty
A: no striking features
a: Renounce Religion, Convert to Beogh


You were on level 2 of the Dungeon.
You worshipped Makhleb.
Makhleb was noncommittal.
You were not hungry.

You visited 1 branch of the dungeon, and saw 2 of its levels.

You collected 97 gold pieces.

Inventory:

Hand Weapons
 a - a +0 war axe (weapon)
Armour
 b - a +0 scale mail (worn)
 c - a +0 shield (worn)
 l - a cursed +0 pair of boots (worn)
Jewellery
 j - a ring of poison resistance (left hand)
 m - an amulet of magic regeneration (around neck)
 o - a ring of fire (right hand)
Scrolls
 e - a scroll of fear {unknown}
 g - a scroll of remove curse {unknown}
 h - a scroll of magic mapping {unknown}
 k - 4 scrolls of identify {unknown}
 n - a scroll of teleportation {unknown}
 s - a scroll of fog {unknown}
 t - a scroll of enchant weapon {unknown}
Potions
 i - a potion of degeneration {unknown}
 p - a potion of curing {unknown}
 q - a potion of cancellation {unknown}
Comestibles
 f - 2 rations
 r - a chunk of flesh


   Skills:
 * Level 4.0 Fighting
 + Level 3.8 Axes
 + Level 3.6 Armour
 - Level 0.5 Dodging
 + Level 3.7 Shields


You had 2 spell levels left.
You didn't know any spells.

Dungeon Overview and Level Annotations

Branches:
Dungeon (2/15)

Altars:
Cheibriados
Makhleb
Xom
The Shining One


Message History

You hit the orc warrior.
The orc warrior is lightly wounded.
The orc warrior barely misses you.
You slash the orc warrior!
The orc warrior is heavily wounded.
You block the orc warrior's attack.
You slash the orc warrior!
The orc warrior is almost dead.
You block the orc warrior's attack.
You closely miss the orc warrior.
The orc warrior is almost dead.
The orc warrior hits you with a halberd.
* * * LOW HITPOINT WARNING * * *
You barely miss the orc warrior.
The orc warrior is almost dead.
You block the orc warrior's attack. The orc warrior barely misses you.
You hit the orc warrior.
The orc warrior is almost dead.
The orc warrior hits you with a halberd!
You die...

....>.......##.#######.##########
.........<.......................
######......##.#######...###.....
#####.#...#########.....###.
#....####....)....######. ####
##..###....###.....#.....) .....
#...##..#####.............
.....o#.#...o#####..............
.......(((..oKo@................
........##########..............
........# #...<..........
......### #.............. ......
##............. ......
##.....#...... .....
###########.. ##### ###


You could see an orc warrior, an orc priest, an orc and a kobold.

Vanquished Creatures
  2 worms (D:2)
  3 dart slugs
  2 giant cockroaches (D:1)
  4 goblins
  6 hobgoblins
  5 jackals (D:1)
  6 bats
  A frilled lizard (D:1)
  5 kobolds
  4 rats
38 creatures vanquished.

Notes
Turn   | Place    | Note
-------+----------+-------------------------------------------
     0 | D:1      | Ghouzt the Hill Orc Fighter began the quest for the Orb.
     0 | D:1      | Reached XP level 1. HP: 19/19 MP: 1/1
   143 | D:1      | Reached XP level 2. HP: 27/27 MP: 2/2
   240 | D:1      | Reached skill level 4 in Fighting
   590 | D:1      | Reached XP level 3. HP: 22/33 MP: 3/3
  1208 | D:2      | Found a burning altar of Makhleb.
  1214 | D:2      | Found a snail-covered altar of Cheibriados.
  1253 | D:2      | Became a worshipper of Makhleb the Destroyer
  1278 | D:2      | Found a glowing golden altar of the Shining One.
  1479 | D:2      | Found a shimmering altar of Xom.
  1532 | D:2      | Noticed an orc warrior
  1552 | D:2      | Mangled by an orc warrior

Skill      XL: |  1  2 |
---------------+-------+-----
Axes           | 3 |  3.8
Fighting       | 4 |  4.0
Armour         | |  3.6
Dodging        | |  0.5
Shields        | |  3.7

Action                   || total
-------------------------++-------
Melee: War axe           ||   124
  Use: Potion            ||     1
  Eat: Chunk             ||     2
Armor: Scale mail        ||    64
Dodge: Dodged            ||    47
Block: Shield            ||    96
